 Dungeon Crawl Stone Soup version 0.18-a0-1572-g0a86841 (webtiles) character file.

81 vismund the Chopper (level 4, -3/33 HPs)
             Began as a Demonspawn Gladiator on Mar 14, 2016.
             Slain by an ooze (4 damage)
             ... on level 2 of the Dungeon on Mar 15, 2016.
             The game lasted 00:07:08 (2606 turns).

vismund the Chopper (Demonspawn Gladiator)          Turns: 2606, Time: 00:07:08

Health: -3/33      AC:  8    Str: 16    XL:     4   Next: 19%
Magic:  0/4        EV:  7    Int:  9    God:
Gold:   82         SH:  0    Dex: 14    Spells: 0 memorised, 3 levels left

rFire  . . .     SeeInvis .     a - +0 war axe
rCold  . . .     Gourm    .     o - +0 chain mail
rNeg   . . .     Faith    .     (no shield)
rPois  .         Spirit   +     (helmet restricted)
rElec  .         Dismiss  .     (no cloak)
rCorr  .         Reflect  .     (no gloves)
SustAt .         Harm     .     (no boots)
MR     .....                    (no amulet)
Stlth  ..........               (no ring)
                                (no ring)

@: not resistant to hostile enchantments, extremely unstealthy
A: antennae 2, magic shield
a: no special abilities


You were on level 2 of the Dungeon.
You were not hungry.

You visited 1 branch of the dungeon, and saw 2 of its levels.

You collected 82 gold pieces.

Inventory:

Hand Weapons
 a - a +0 war axe (weapon)
Missiles
 d - 3 throwing nets (quivered)
Armour
 b - a +0 leather armour
 c - a +0 helmet
 j - a +0 helmet
 o - a +0 chain mail (worn)
Scrolls
 e - 2 scrolls of remove curse
 h - a scroll of enchant weapon {unknown}
 k - a scroll of identify {unknown}
 l - a scroll of random uselessness {unknown}
 n - a scroll of teleportation
Comestibles
 f - 3 bread rations
 g - 3 fruits


   Skills:
 - Level 2.0 Fighting
 + Level 4.6 Axes
 - Level 1.7 Throwing
 - Level 2.6 Dodging


You had 3 spell levels left.
You didn't know any spells.

Dungeon Overview and Level Annotations

Branches:
Dungeon (2/15)

Altars:
Yredelemnul

Annotations:
D:2 Sigmund


Innate Abilities, Weirdness & Mutations

You have a pair of antennae on your head.
When hurt, damage is shared between your health and your magic reserves.


Message History

The ooze completely misses you. The ooze hits you but does no damage.
The ooze hits you but does no damage. The ooze hits you but does no damage.
The ooze hits you but does no damage. The ooze hits you but does no damage.
The ooze hits you but does no damage. The ooze hits you.
* * * LOW HITPOINT WARNING * * *
The ooze barely misses you. The ooze hits you but does no damage.
The ooze hits you but does no damage. The ooze hits you but does no damage.
The ooze hits you but does no damage. The ooze hits you.
* * * LOW HITPOINT WARNING * * *
The ooze hits you.
* * * LOW HITPOINT WARNING * * *
The ooze hits you.
You die...

.###............## ##...# #.#.##
#......######..#.###)#### #.#.##
##.##### ##.##.#..# #.#.## #..(##
#.###.#.# #.#.# ....(## #.# ###.#
#.#.# ...(..######
#.#####[#######.#.#
..(..........#.##............#.##
...............##...#####........
.......#####.##J@.....###.###.###
...........#.##...........###.#
.>....####.#.............>....#
#...#.# ######.).########..#
#####.#### #<..# #..# #....#
##.## ##..# ####.# #.# #...# #.#
#.# #..## #.# #.. #..#


You could see an ooze.

Vanquished Creatures
  4 adders
  An ooze (D:2)
  A worm (D:2)
  A dart slug (D:1)
  A giant gecko (D:1)
  4 giant cockroaches
  5 hobgoblins
  2 bats
  4 goblins
  11 kobolds
  4 rats
38 creatures vanquished.

Notes
Turn   | Place    | Note
--------------------------------------------------------------
     0 | D:1      | vismund the Demonspawn Gladiator began the quest for the Orb.
     0 | D:1      | Reached XP level 1. HP: 16/16 MP: 1/1
   438 | D:1      | Reached skill level 3 in Axes
   756 | D:1      | Gained mutation: When hurt, damage is shared between your health and your magic reserves. [demonic ancestry]
   756 | D:1      | Reached XP level 2. HP: 20/22 MP: 2/2
  1199 | D:2      | Gained mutation: You have a pair of small antennae on your head. [demonic ancestry]
  1199 | D:2      | Reached XP level 3. HP: 27/27 MP: 3/3
  1271 | D:2      | Reached skill level 4 in Axes
  1981 | D:2      | Found a basalt altar of Yredelemnul.
  2005 | D:2      | Gained mutation: You have a pair of antennae on your head. [demonic ancestry]
  2005 | D:2      | Reached XP level 4. HP: 28/33 MP: 4/4
  2456 | D:2      | Noticed Sigmund
  2486 | D:2      | Upgraded the game from 0.18-a0-1562-gac8da35 to 0.18-a0-1572-g0a86841
  2605 | D:2      | HP: 1/33 [ooze (2)]
  2606 | D:2      | Slain by an ooze

Vault maps used:
D:1:      roderic_dead_forest
D:2:      overflow_temple_1_default, first_bread, uniq_sigmund

Skill      XL: |  1  2  3 |
---------------+----------+-----
Axes           | 3 4 |  4.6
Fighting       | |  2.0
Throwing       | |  1.7
Dodging        | |  2.6

Action                   |  1- 3 |  4- 6 || total
-------------------------+-------+-------++-------
Melee: War axe           |   166 |    33 ||   199
  Use: Potion            |     2 |     1 ||     3
       Scroll            |       |     2 ||     2
 Stab: Invisible         |     1 |       ||     1
       Sleeping          |     1 |       ||     1
  Eat: Fruit             |     2 |       ||     2
       Bread ration      |     1 |       ||     1
